 Dungeon Crawl Stone Soup version 0.25.1-9-gc5326a611f (webtiles) character file.

Game seed: 12870470856477679920

133172 kulwych the Severer (level 17, 0/151 HPs)
             Began as a Hill Orc Fighter on Dec 23, 2021.
             Was a Plaything of Xom.
             Slain by a 15-headed hydra (7 damage)
             ... on level 3 of the Swamp on Jan 28, 2022.
             The game lasted 01:57:06 (33253 turns).

kulwych the Severer (Hill Orc Fighter)             Turns: 33253, Time: 01:57:08

Health: 0/151      AC: 20    Str: 26    XL:     17   Next: 14%
Magic:  26/26      EV: 17    Int: 12    God:    Xom [.....*]
Gold:   1521       SH: 16    Dex: 12    Spells: 16/16 levels left

rFire    + + +     SeeInvis +   I - +7 war axe "Qesinir" {vorpal, *Slow rC+ rN+ SInv}
rCold    + + .     Gourm    .   X - +2 kite shield {rN+}
rNeg     + + .     Faith    .   F - +3 scale mail {rF+}
rPois    .         Spirit   .   (helmet restricted)
rElec    .         Reflect  .   V - +2 cloak {rF+}
rCorr    .         Harm     .   k - +1 pair of gloves
MR       ++...     Clarity  +   x - +2 pair of boots {Fly}
Stlth    ..........             S - amulet of regeneration
HPRegen  0.75/turn              G - ring of protection from fire
MPRegen  0.20/turn              c - ring of protection from cold

@: flying
A: hooves 2, horns 1, yellow scales 1, blurry vision 2, clarity, clever 2,
clumsy 1, deformed body, magic resistance 1, screaming 1, strong 2, sturdy frame
1
a: Renounce Religion, Stop Flying


You were on level 3 of the Swamp.
You worshipped Xom.
You were Xom's teddy bear.
You were not hungry.

You visited 4 branches of the dungeon, and saw 26 of its levels.
You also visited: Bailey, Ice Cave and Volcano.

You collected 1881 gold pieces.
You spent 360 gold pieces at shops.

Inventory:

Hand Weapons
 a - a +9 war axe
 I - the +7 war axe "Qesinir" (weapon) {vorpal, *Slow rC+ rN+ SInv}
   (You acquired it on level 2 of the Swamp)

   It inflicts extra damage upon your enemies.
   It protects you from cold.
   It protects you from negative energy.
   It lets you see invisible.
   It may slow you when you take damage.
Armour
 k - a +1 pair of gloves (worn)
 w - a +2 ring mail of magic resistance
 x - a +2 pair of boots of flying (worn)
 F - a +3 scale mail of fire resistance (worn)
 J - a +1 chain mail of positive energy
 P - a +2 pair of boots of running
 V - a +2 cloak of fire resistance (worn)
 X - a +2 kite shield of positive energy (worn)
Jewellery
 c - a ring of protection from cold (right hand)
 e - an uncursed ring of fire
 E - an uncursed amulet of the acrobat
 G - a ring of protection from fire (left hand)
 H - an uncursed ring of positive energy
 K - an uncursed amulet of reflection
 S - an amulet of regeneration (around neck)
Wands
 t - a wand of clouds (1)
 Q - a wand of flame (14)
Scrolls
 j - 2 scrolls of immolation
 m - 9 scrolls of remove curse
 o - 4 scrolls of magic mapping
 p - a scroll of fear
 s - 2 scrolls of fog
 v - 7 scrolls of teleportation
 y - 5 scrolls of amnesia
 A - 3 scrolls of torment
 M - a scroll of blinking
 N - a scroll of identify
 T - a scroll of enchant weapon
Potions
 b - 5 potions of haste
 d - 7 potions of might
 g - 4 potions of heal wounds
 h - 3 potions of stabbing
 l - 3 potions of resistance
 n - 6 potions of brilliance
 q - 3 potions of ambrosia
 r - a potion of cancellation
 u - a potion of magic
 B - 2 potions of flight
 C - 5 potions of curing
 D - 3 potions of berserk rage
 O - a potion of invisibility
Miscellaneous
 L - a tin of tremorstones (3/3)
Comestibles
 f - 60 rations


   Skills:
 + Level 13.7 Fighting
 + Level 18.3 Axes
 + Level 10.1 Armour
 * Level 11.3 Dodging
 + Level 14.3 Shields
 * Level 12.4 Evocations


You had 16 spell levels left.
You didn't know any spells.
Your spell library contained the following spells:

 Spells                   Type           Power        Failure   Level  Hunger
 Beastly Appendage        Tmut           #.....       50%         1    ##.....
 Foxfire                  Conj/Fire      #...         50%         1    ##.....
 Sticks to Snakes         Tmut           #.......     63%         2    ###....
 Sublimation of Blood     Necr           #.........   63%         2    ###....
 Conjure Flame            Conj/Fire      #.......     86%         3    ####...
 Ignite Poison            Fire/Tmut/Pois #.......     86%         3    ####...
 Inner Flame              Hex/Fire       #.......     86%         3    ####...
 Spider Form              Tmut/Pois      #.........   86%         3    ####...
 Ice Form                 Ice/Tmut       #.......     99%         4    #####..
 Leda's Liquefaction      Hex/Erth       #.........   99%         4    #####..
 Petrify                  Tmut/Erth      #.......     99%         4    #####..
 Sticky Flame             Conj/Fire      #.......     99%         4    #####..
 Alistair's Intoxication  Tmut/Pois      #.......     100%        5    ######.
 Blade Hands              Tmut           #.........   100%        5    ######.
 Bolt of Magma            Conj/Fire/Erth #.........   100%        5    ######.
 Fireball                 Conj/Fire      #.........   100%        5    ######.
 Irradiate                Conj/Tmut      #.........   100%        5    ######.
 Eringya's Noxious Bog    Tmut/Pois      #.........   100%        6    #######
 Iron Shot                Conj/Erth      #.........   100%        6    #######
 Statue Form              Tmut/Erth      #........    100%        6    #######
 Shatter                  Erth           #.........   100%        9    #######


Dungeon Overview and Level Annotations

Branches:
Dungeon (15/15)            Temple (1/1) D:6            Lair (6/6) D:11
  Swamp (4/4) Lair:3        Snake (0/4) Lair:3        Slime (0/5) Lair:5
    Orc (0/2) D:9          Vaults (0/5) D:13         Depths (0/5) D:15
 Bailey (visited)           IceCv (visited)         Volcano (visited)

Altars:
Ashenzari
Cheibriados
Dithmenos
Elyvilon
Fedhas
Gozag
Hepliaklqana
Kikubaaqudgha
Makhleb
Nemelex Xobeh
Okawaru
Qazlal
Ru
Sif Muna
Trog
Uskayaw
Vehumet
Wu Jian
Xom
Yredelemnul
Zin
The Shining One
Jiyva

Shops:
D:4 (   D:15 *


Innate Abilities, Weirdness & Mutations

You have hoof-like feet.
You have a pair of small horns on your head.
You are partially covered in yellow scales. (AC +2)
Scrolls take you longer to read.
You possess an exceptional clarity of mind.
Your mind is very acute. (Int +4)
You are clumsy. (Dex -2)
Armour fits poorly on your strangely shaped body.
You are resistant to hostile enchantments. (MR+)
You occasionally shout uncontrollably at your foes.
Your muscles are very strong. (Str +4)
Your movements are slightly less encumbered by armour. (ER -2)


Message History

The 15-headed hydra bites you but does no damage.
You block the 15-headed hydra's attack. The 15-headed hydra barely misses you.
The 15-headed hydra closely misses you.
Evoke which item? (* to show all) (? for menu, Esc to quit)
Aiming: Throw Flame
Press: ? - help, Shift-Dir - straight line, f/p - 15-headed hydra
Aim: a 15-headed hydra (water, heavily wounded)
The puff of flame misses the 15-headed hydra. "The weather's been a little too boring around here."
The 15-headed hydra is engulfed in a cloud of scalding steam.
You block the 15-headed hydra's attack. x2
The 15-headed hydra barely misses you.
The 15-headed hydra bites you but does no damage.
The 15-headed hydra bites you.
* * * LOW HITPOINT WARNING * * *
You block the 15-headed hydra's attack.
The 15-headed hydra bites you but does no damage.
The 15-headed hydra bites you!
You die... "I guess I need a new plaything now."

....≈≈≈≈≈...≈≈≈.♣ ♣.≈≈≈...♣
♣♣....≈≈≈≈≈≈...≈♣ ♣♣♣..≈≈....
♣♣♣...≈≈≈≈≈≈≈≈≈.♣♣♣ ♣♣♣≈≈≈≈≈≈≈≈≈≈
≈♣≈≈.[..≈≈≈.≈≈≈...♣♣♣≈≈.≈≈≈≈.≈≈≈≈
.≈...≈≈≈.≈...≈≈.§..♣♣.§.≈≈≈..≈≈≈≈
.)÷.≈.≈.≈≈.♣♣≈...≈.♣≈..≈≈≈≈.[≈≈≈≈
..≈≈≈≈...≈≈≈....<§§♣≈.≈≈≈≈≈§§≈≈≈≈
....≈≈≈♣≈.≈.≈≈≈§D§§.≈≈≈§≈≈§§≈.≈≈≈
♣..♣♣♣♣≈.≈≈...§§@§§.≈≈≈≈♣....≈≈≈≈
≈♣♣♣ ♣≈.§≈≈≈≈≈§§§§≈≈...♣.....≈≈≈
.♣♣ .......≈≈§≈.§§♣♣♣♣♣≈....≈≈≈≈
.≈♣ ♣.>♣♣♣♣.≈≈≈.♣♣♣ ♣≈≈≈..≈≈≈≈
≈♣♣ ♣♣♣ ♣.≈≈≈.≈♣ ♣.≈...≈≈≈≈ ♣♣
♣§≈≈≈..♣ ♣♣.≈≈.♣♣≈≈≈ ♣ ♣♣.≈≈≈≈§
♣....♣♣♣♣♣≈ ♣.≈§.≈≈♣ ♣♣..♣♣♣♣.≈≈
♣...♣≈...♣


You could see a 15-headed hydra.

Vanquished Creatures
  A juggernaut (Swamp:3)
  Rupert (D:13)
  Jorgrun (Swamp:1)
  Donald (Swamp:3)
  An emperor scorpion (Swamp:1)
  2 entropy weavers (Lair:3)
  6 ghost crabs
  13 hydras
  A catoblepas (Lair:6)
  3 shambling mangroves
  4 two-headed ogres (D:15)
  An anaconda (Swamp:1)
  12 alligators
  A dancing weapon (Volcano)
  A death knight (D:11)
  4 centaur warriors
  A deep troll shaman (Lair:6)
  3 death yaks (Lair:6)
  Urug (Lair:5)
  Sonja (Lair:5)
  Nergalle (Lair:4)
  5 fire crabs (Lair:3)
  A skeletal warrior (D:10)
  A spriggan druid (Swamp:2)
  6 wizards
  7 swamp dragons
  An orc sorcerer (D:15)
  2 orc knights
  An orb spider (Lair:1)
  2 deep elf magi (D:15)
  3 ugly things
  A cyclops (D:13)
  4 elephants (Lair:6)
  3 centaur zombies
  4 toenail golems (Volcano)
  2 ice statues (IceCv)
  7 black mambas
  An apocalypse crab (Lair:3)
  A naga mage (D:15)
  17 spiny frogs
  4 kobold demonologists
  3 rime drakes
  5 komodo dragons
  A freezing wraith (D:10)
  A queen bee (Lair:2)
  4 trolls
  A tengu conjurer (D:15)
  4 polar bears (Lair:5)
  7 hornets
  A queen bee (shapeshifter) (D:15)
  5 tyrant leeches
  Grinder (D:5)
  9 bog bodies
  6 dream sheep
  17 blink frogs
  6 slime creatures (Swamp:3)
  11 hippogriffs
  A centaur simulacrum (D:11)
  5 spriggans
  4 shadows
  A wyvern (Lair:4)
  48 yaks
  3 basilisks
  A steam dragon (Lair:4)
  15 humans (D:13)
  13 vampire mosquitoes
  A hungry ghost (D:8)
  9 insubstantial wisps
  A soldier ant (D:14)
  6 swamp worms
  7 water moccasins
  15 porcupines
  2 floating eyes (shapeshifter) (D:13)
  6 swamp drakes
  11 ice beasts
  A hornet zombie (D:3)
  2 sky beasts
  14 orc warriors
  6 black bears
  3 phantoms
  23 wolves
  2 ogres
  8 centaurs
  11 crocodiles
  7 big kobolds
  15 bullfrogs
  2 gnoll sergeants
  A wyvern zombie (D:13)
  A wyvern skeleton (D:12)
  6 scorpions
  16 killer bees
  4 wights (D:15)
  4 howler monkeys
  7 crimson imps
  4 quasits
  7 orc priests
  4 hounds
  A jelly (D:13)
  2 bullfrog skeletons
  2 centaur skeletons
  3 iguanas
  Terence (D:2)
  Natasha (thrice) (D:4)
  12 orc wizards
  6 worker ants
  3 hound skeletons
  20 gnolls
  13 adders
  4 shadow imps
  5 adder skeletons
  2 adder zombies
  5 leopard geckos
  50 orcs
  7 bats
  8 giant cockroaches
  9 goblins
  6 hobgoblins
  20 jackals
  17 kobolds
  5 quokkas
  2 ball pythons
  A ball python zombie (D:4)
  6 frilled lizards
  A giant cockroach zombie (D:4)
  2 jackal skeletons
  A jackal zombie (D:4)
  A leopard gecko zombie (D:6)
  A quokka zombie (D:4)
  8 rats
  A butterfly (Lair:6)
  4 fungi
  8 plants
752 creatures vanquished.

Vanquished Creatures (collateral kills)
  Louise (Swamp:1)
  4 hydras
  An alligator (Swamp:1)
  A wizard (Volcano)
  A cyclops (D:13)
  A toenail golem (Volcano)
  A centaur zombie (D:14)
  A spiny frog (Swamp:1)
  3 blink frogs (Lair:6)
  A dream sheep (D:14)
  2 yaks (Lair:6)
  A human (D:13)
  A swamp worm (Swamp:1)
  2 swamp drakes (Swamp:1)
  An eye of draining (D:15)
  An ogre (D:8)
  2 wolves (Lair:6)
  A crocodile (Lair:6)
  A bullfrog (D:8)
  3 howler monkeys (D:8)
  A hound (D:8)
  2 orc wizards
  4 orcs
  A plant (D:11)
38 creatures vanquished.

Vanquished Creatures (others)
  A hydra (Swamp:4)
  A death yak (Lair:6)
  An ogre mage (D:15)
  A freezing wraith (D:10)
  A hippogriff (Lair:1)
  A spriggan (Swamp:3)
  5 swamp drakes (Swamp:4)
  A bullfrog (D:9)
  35 fungi
  27 plants
74 creatures vanquished.

Grand Total: 864 creatures vanquished

Notes
Turn   | Place    | Note
-------+----------+-------------------------------------------
     0 | D:1      | kulwych the Hill Orc Fighter began the quest for the Orb.
     0 | D:1      | Reached XP level 1. HP: 19/19 MP: 1/1
   226 | D:1      | Reached XP level 2. HP: 27/27 MP: 2/2
   328 | D:1      | Reached skill level 3 in Axes
   505 | D:1      | Reached XP level 3. HP: 33/33 MP: 3/3
   909 | D:2      | Noticed Terence
   927 | D:2      | Killed Terence
   927 | D:2      | Reached skill level 4 in Axes
   927 | D:2      | Reached skill level 1 in Dodging
   927 | D:2      | Reached XP level 4. HP: 11/40 MP: 4/4
  1833 | D:3      | Reached XP level 5. HP: 46/46 MP: 5/5
  2011 | D:3      | HP: 2/46 [hornet zombie (8)]
  2012 | D:3      | Reached skill level 5 in Axes
  2380 | D:3      | Reached XP level 6. HP: 52/52 MP: 6/6
  3060 | D:4      | Found Waguawo's Antique Weapon Shop.
  3121 | D:4      | Noticed Natasha
  3128 | D:4      | Killed Natasha
  3128 | D:4      | Reached skill level 6 in Axes
  3404 | D:4      | Noticed Natasha
  3414 | D:4      | Killed Natasha
  3566 | D:4      | Reached XP level 7. HP: 52/60 MP: 7/7
  3868 | D:4      | Noticed Natasha
  3875 | D:4      | Killed Natasha
  3929 | D:5      | Entered Level 5 of the Dungeon
  3965 | D:5      | Noticed Grinder
  3986 | D:5      | Killed Grinder
  3986 | D:5      | Reached skill level 5 in Fighting
  3986 | D:5      | Reached skill level 7 in Axes
  4039 | D:5      | Reached skill level 1 in Evocations
  4479 | D:5      | Reached XP level 8. HP: 68/68 MP: 8/8
  4481 | D:5      | Reached skill level 5 in Armour
  4711 | D:6      | Found a staircase to the Ecumenical Temple.
  4803 | Temple   | Entered the Ecumenical Temple
  4983 | Temple   | Became a worshipper of Xom of Chaos
  5053 | D:6      | Reached skill level 8 in Axes
  5053 | D:6      | Reached skill level 5 in Shields
  5544 | D:6      | XOM: cloud trail
  5872 | D:7      | Reached skill level 9 in Axes
  6007 | D:7      | XOM: potion effect (berserk rage)
  6009 | D:7      | Reached XP level 9. HP: 75/75 MP: 10/10
  6211 | D:8      | XOM: fog
  6491 | D:8      | XOM: divination: magic mapping
  6493 | D:8      | XOM: summons 8 friendly demons
  6530 | D:8      | XOM: enchant monster (bad)
  6548 | D:8      | XOM: cast spell 'Shadow Creatures'
  6551 | D:8      | Reached skill level 10 in Axes
  6554 | D:8      | XOM: summons 2 friendly demons
  6576 | D:8      | XOM: potion effect (might)
  6606 | D:8      | XOM: 1-stop teleportation journey
  6931 | D:8      | XOM is BORED!
  7270 | D:9      | Reached XP level 10. HP: 75/84 MP: 12/12
  7338 | D:9      | XOM: silly message
  7407 | D:9      | XOM: confuse monster(s)
  7421 | D:9      | Reached skill level 11 in Axes
  7421 | D:9      | Reached skill level 5 in Dodging
  7481 | D:9      | XOM: cloud trail
  7788 | D:9      | Found a sacrificial altar of Ru.
  7805 | D:9      | XOM: potion effect (invisibility)
  7954 | D:9      | Found a staircase to the Orcish Mines.
  7986 | D:9      | XOM: god gift: scroll labeled VEUHIM XURIA {god gift}
  8073 | D:9      | XOM: give mutations
  8073 | D:9      | Gained mutation: You expend magic power (3 MP) to
                  | strengthen your wands. [Xom's grace]
  8073 | D:9      | Gained mutation: You are partially covered in large bone
                  | plates. (SH +4) [Xom's grace]
  8073 | D:9      | Gained mutation: You passively map a small area around you.
                  | [Xom's grace]
  8073 | D:9      | Gained mutation: Your flesh is heat resistant. (rF+) [Xom's
                  | grace]
  8308 | D:9      | XOM: potion effect (invisibility)
  8315 | D:9      | XOM: summons 1 hostile demon
  8371 | D:9      | Found a white marble altar of Elyvilon.
  8594 | D:9      | XOM: scenery: 1 doors close
  8800 | D:10     | Entered Level 10 of the Dungeon
  8820 | D:10     | XOM: scenery: create altars
  8823 | D:10     | XOM: polymorph crimson imp -> quasit
  8828 | D:10     | XOM: smoke on damage
  8833 | D:10     | XOM: scenery: 1 doors close
  8986 | D:9      | XOM: scenery: create altars
  9097 | D:10     | XOM: 1-stop teleportation journey
  9167 | D:10     | XOM: confuse monster(s)
  9258 | D:10     | Reached skill level 12 in Axes
  9344 | D:10     | XOM: divination: detect creatures
  9421 | D:10     | Reached skill level 5 in Evocations
  9873 | D:10     | XOM: enchant monster (good)
 10074 | D:10     | Reached XP level 11. HP: 91/92 MP: 14/14
 10600 | D:11     | Found a staircase to the Lair.
 10600 | D:11     | XOM: cast spell 'Summon Ice Beast'
 10614 | D:11     | XOM: divination: detect items
 10621 | D:11     | XOM: divination: detect items
 10623 | D:11     | XOM: cast spell 'Summon Small Mammal'
 10639 | D:11     | XOM: potion effect (curing)
 10652 | D:10     | XOM: noise
 10785 | D:10     | XOM: god gift: 16 stones
 10790 | D:11     | XOM: cast spell 'Death Channel'
 11081 | D:11     | Noticed a four-headed hydra
 11083 | D:11     | XOM: divination: detect items
 11094 | D:11     | XOM: summons friendly ufetubus
 11102 | D:11     | XOM: silly message
 11114 | D:11     | Killed a four-headed hydra
 11156 | D:11     | XOM: polymorph ufetubus -> cacodemon
 11189 | D:11     | XOM: 1-stop teleportation journey
 11193 | D:11     | XOM: silly message
 11254 | D:11     | XOM: polymorph cacodemon -> blizzard demon
 11531 | D:11     | Noticed a death knight
 11536 | D:11     | Noticed a skeletal warrior
 11538 | D:11     | XOM: potion effect (brilliance)
 11546 | D:11     | XOM: enchant monster (bad)
 11555 | D:10     | XOM: divine lightning
 11660 | D:11     | XOM: butterfly on damage
 11663 | D:11     | XOM: fog
 11665 | D:11     | Killed a death knight
 11665 | D:11     | Reached skill level 13 in Axes
 11667 | D:11     | XOM: enchant monster (good)
 11668 | D:11     | XOM: polymorph butterfly -> shapeshifter
 11720 | D:10     | XOM: scenery: 1 doors close
 11801 | D:10     | XOM: scenery: 1 doors open
 11934 | D:11     | XOM: enchant monster (bad)
 12222 | D:10     | XOM: smoke on damage
 12243 | D:10     | Killed a skeletal warrior
 12778 | D:12     | XOM: summons friendly crimson imp
 12782 | D:12     | XOM: smoke on damage
 12798 | D:12     | XOM: potion effect (experience)
 12798 | D:12     | Reached XP level 12. HP: 94/104 MP: 15/17
 12828 | D:12     | XOM: god gift: glowing demon trident {god gift}
 12844 | D:12     | Found a flagged portal.
 12856 | Bailey   | XOM: noise
 12856 | Bailey   | Entered a bailey
 12885 | Bailey   | Reached skill level 10 in Shields
 12915 | Bailey   | XOM: god gift: scroll labeled XUSKOD CAQEOQA {god gift}
 13254 | D:12     | XOM: 3-stop teleportation journey
 13472 | D:12     | XOM: cleaving
 13475 | D:12     | XOM: polymorph green ugly thing -> brown ugly thing
 13476 | D:12     | XOM: smoke on damage
 13620 | D:12     | XOM: god gift: 12 gold pieces
 13694 | D:12     | XOM is BORED!
 13832 | D:13     | Reached XP level 13. HP: 111/111 MP: 18/18
 13861 | D:13     | Reached skill level 14 in Axes
 14177 | D:13     | XOM: god gift: glowing quick blade {god gift}
 14217 | D:13     | XOM: confuse monster(s)
 14221 | D:13     | XOM: enchant monster (bad)
 14231 | D:13     | XOM: cleaving
 14248 | D:13     | XOM: scenery: create altars
 14258 | D:13     | XOM: cleaving
 14349 | D:13     | Noticed Rupert
 14354 | D:13     | Paralysed by Rupert for 5 turns
 14380 | D:13     | XOM: cast spell 'Monstrous Menagerie'
 14402 | D:13     | Killed Rupert
 14618 | D:13     | XOM: 1-stop teleportation journey
 14686 | D:13     | Found a gate to the Vaults.
 14811 | D:13     | XOM: polymorph orc warrior -> shapeshifter
 15286 | D:13     | Reached skill level 10 in Fighting
 15357 | D:13     | Paralysed by a floating eye for 3 turns
 15579 | D:13     | XOM: give mutation
 15579 | D:13     | Lost mutation: You expend magic power (3 MP) to strengthen
                  | your wands. [Xom's mischief]
 15738 | D:13     | XOM: noise
 15816 | D:14     | XOM: summons 9 friendly demons
 15833 | D:14     | XOM: summons friendly white imp
 15835 | D:14     | XOM: repel stairs
 15903 | D:14     | Reached skill level 15 in Axes
 15905 | D:14     | XOM: give mutations
 15905 | D:14     | Gained mutation: You are dopey. (Int -2) [Xom's mischief]
 15905 | D:14     | Lost mutation: You are dopey. (Int -2) [Xom's mischief]
 15905 | D:14     | Gained mutation: Armour fits poorly on your strangely
                  | shaped body. [Xom's mischief]
 15959 | D:14     | XOM: 5-stop teleportation journey
 16246 | D:14     | XOM: potion effect (haste)
 16251 | D:14     | XOM: confuse monster(s)
 16290 | D:13     | XOM: noise
 16439 | D:14     | XOM: 2-stop teleportation journey
 16698 | D:14     | XOM: give mutation
 16698 | D:14     | Gained mutation: Your body sometimes deteriorates upon
                  | taking damage. [Xom's mischief]
 16919 | D:14     | XOM is BORED!
 16930 | D:14     | XOM: give mutations
 16930 | D:14     | Gained mutation: You are frail. (-10% HP) [Xom's mischief]
 16930 | D:14     | Gained mutation: You evolve. [Xom's mischief]
 16995 | D:15     | Entered Level 15 of the Dungeon
 17028 | D:15     | XOM: repel stairs
 17033 | D:15     | XOM: noise
 17046 | D:15     | XOM: confuse monster(s)
 17072 | D:15     | XOM: summons 4 friendly demons
 17158 | D:15     | Found Tafum's Assorted Antiques.
 17181 | D:15     | Bought a wand of acid (5) for 320 gold pieces
 17181 | D:15     | Bought a scroll labeled XUSKOD CAQEOQA for 40 gold pieces
 17435 | D:15     | XOM: confuse monster(s)
 17442 | D:15     | XOM: enchant monster (good)
 17471 | D:15     | Reached XP level 14. HP: 109/109 MP: 20/20
 17517 | D:15     | Found a staircase to the Depths.
 17530 | D:15     | XOM: give mutation
 17530 | D:15     | Gained mutation: Your muscles are strong. (Str +2) [Xom's
                  | mischief]
 17605 | D:15     | XOM: chaos upgrade
 17689 | D:15     | XOM: chaos upgrade
 17974 | Lair:1   | Entered Level 1 of the Lair of Beasts
 17981 | Lair:1   | XOM: polymorph spiny frog -> orb spider
 17983 | Lair:1   | XOM: summons friendly crimson imp
 17989 | Lair:1   | XOM: enchant monster (good)
 18266 | Lair:1   | XOM: enchant monster (good)
 18301 | Lair:1   | XOM: confuse monster(s)
 18482 | Lair:1   | Reached skill level 16 in Axes
 18621 | Lair:1   | XOM: divination: detect creatures
 18678 | Lair:1   | XOM: divination: magic mapping
 18679 | Lair:1   | XOM: 1-stop teleportation journey
 19165 | Lair:1   | XOM: confuse monster(s)
 19175 | Lair:1   | XOM: enchant monster (good)
 19548 | Lair:2   | XOM: polymorph basilisk -> orb spider
 19562 | Lair:2   | XOM: confuse monster(s)
 19587 | Lair:2   | XOM: polymorph orb spider -> queen bee
 19653 | Lair:2   | XOM: cloud trail
 19845 | Lair:2   | XOM: divination: detect items
 20182 | Lair:2   | XOM: 7-stop teleportation journey
 20314 | Lair:2   | XOM: cleaving
 20315 | Lair:2   | XOM: divination: magic mapping
 20537 | Lair:3   | Found a staircase to the Swamp.
 20726 | Lair:3   | XOM: god gift: ration
 20880 | Lair:3   | XOM: give mutations
 20880 | Lair:3   | Lost mutation: You are frail. (-10% HP) [Xom's grace]
 20880 | Lair:3   | Gained mutation: You have a pair of small horns on your
                  | head. [Xom's grace]
 21085 | Lair:3   | XOM is BORED!
 21108 | Lair:3   | Found a runed translucent door.
 21178 | Lair:3   | Found a staircase to the Snake Pit.
 21446 | Lair:3   | XOM: scenery: create altars
 21447 | Lair:3   | XOM: potion effect (brilliance)
 21678 | Lair:3   | Reached skill level 10 in Evocations
 21840 | Lair:3   | Noticed an entropy weaver
 21841 | Lair:3   | XOM: potion effect (curing)
 21849 | Lair:3   | XOM: smoke on damage
 21851 | Lair:3   | Killed an entropy weaver
 22149 | Lair:3   | Noticed an entropy weaver
 22165 | Lair:3   | Killed an entropy weaver
 22278 | Lair:3   | XOM: divination: detect items
 22288 | Lair:3   | XOM: divination: detect items
 22323 | Lair:3   | XOM: smoke on damage
 22323 | Lair:3   | XOM: divination: detect creatures
 22436 | Lair:3   | XOM: divination: detect creatures
 22633 | Lair:3   | XOM: noise
 22907 | Lair:3   | Reached XP level 15. HP: 129/132 MP: 22/22
 23011 | Lair:4   | Found a dark tunnel.
 23020 | Lair:4   | XOM: 3-stop teleportation journey
 23103 | Volcano  | Entered a volcano
 23113 | Volcano  | XOM: 1-stop teleportation journey
 23120 | Volcano  | XOM: noise
 23143 | Volcano  | XOM: cast spell 'Summon Small Mammal'
 23147 | Volcano  | XOM: silly message
 23220 | Volcano  | Identified a +1 pair of boots of running (You found it in a
                  | volcano)
 23220 | Volcano  | XOM: give mutations
 23220 | Volcano  | Lost mutation: Your muscles are strong. (Str +2) [Xom's
                  | mischief]
 23220 | Volcano  | Lost mutation: Your body sometimes deteriorates upon taking
                  | damage. [Xom's mischief]
 23234 | Volcano  | XOM: 2-stop teleportation journey
 23237 | Volcano  | XOM: confuse monster(s)
 23241 | Volcano  | XOM: cast spell 'Summon Hydra'
 23274 | Volcano  | XOM: 3-stop teleportation journey
 23276 | Volcano  | XOM: noise
 23290 | Volcano  | XOM: scenery: 1 doors open, 2 doors close
 23298 | Volcano  | XOM: summons friendly shadow imp
 23299 | Volcano  | XOM: summons friendly white imp
 23307 | Volcano  | XOM: summons friendly chaos spawn
 23581 | Lair:4   | XOM: give mutation
 23581 | Lair:4   | Gained mutation: You rapidly evolve. [Xom's grace]
 23751 | Lair:4   | XOM: summons 4 hostile shadow creatures
 23754 | Lair:4   | Noticed Nergalle
 23783 | Lair:4   | XOM: divine lightning
 24006 | Lair:4   | XOM: give mutations
 24006 | Lair:4   | Gained mutation: Your mind is acute. (Int +2) [Xom's grace]
 24006 | Lair:4   | Gained mutation: You have sharp toenails. [Xom's grace]
 24047 | Lair:4   | XOM: summons friendly quasit
 24054 | Lair:4   | Killed Nergalle
 24280 | Lair:4   | XOM: give mutations
 24280 | Lair:4   | Gained mutation: Your movements are slightly less
                  | encumbered by armour. (ER -2) [Xom's grace]
 24280 | Lair:4   | Gained mutation: You are robust. (+10% HP) [Xom's grace]
 24280 | Lair:4   | Gained mutation: Your mind is very acute. (Int +4) [Xom's
                  | grace]
 24280 | Lair:4   | Gained mutation: You have an increased reservoir of magic.
                  | (+10% MP) [Xom's grace]
 24506 | Lair:5   | Found a frozen archway.
 24533 | IceCv    | Entered an ice cave
 24551 | IceCv    | Found a transporter.
 24582 | IceCv    | Found a transporter.
 24595 | IceCv    | XOM: enchant monster (good)
 24627 | IceCv    | XOM: give mutations
 24627 | IceCv    | Lost mutation: Your flesh is heat resistant. (rF+) [Xom's
                  | mischief]
 24627 | IceCv    | Lost mutation: You are robust. (+10% HP) [Xom's mischief]
 24627 | IceCv    | Lost mutation: You rapidly evolve. [Xom's mischief]
 24627 | IceCv    | Gained mutation: You are clumsy. (Dex -2) [Xom's mischief]
 24628 | IceCv    | Identified a scroll of acquirement
 24634 | IceCv    | Acquired the +6 broad axe of Guile {drain, Str+6}
 24676 | Lair:5   | Noticed Urug
 24700 | Lair:5   | XOM: confuse monster(s)
 24705 | Lair:5   | Killed Urug
 24974 | Lair:5   | Found a viscous altar of Jiyva.
 24974 | Lair:5   | Found a staircase to the Slime Pits.
 25010 | Lair:5   | Noticed Sonja
 25012 | Lair:5   | XOM: noise
 25015 | Lair:5   | XOM: silly message
 25029 | Lair:5   | XOM: confuse monster(s)
 25030 | Lair:5   | XOM: enchant monster (good)
 25034 | Lair:5   | XOM: noise
 25036 | Lair:5   | Killed Sonja
 25047 | Lair:5   | XOM: smoke on damage
 25325 | Lair:6   | Entered Level 6 of the Lair of Beasts
 25339 | Lair:6   | XOM: destruction
 25346 | Lair:6   | Reached skill level 17 in Axes
 25744 | Lair:6   | Reached skill level 10 in Dodging
 26031 | Lair:6   | XOM: summons friendly shadow imp
 26059 | Lair:6   | XOM: destruction
 26165 | Lair:6   | XOM: give mutations
 26165 | Lair:6   | Lost mutation: You evolve. [Xom's mischief]
 26165 | Lair:6   | Lost mutation: You are clumsy. (Dex -2) [Xom's mischief]
 26165 | Lair:6   | Gained mutation: You occasionally shout uncontrollably at
                  | your foes. [Xom's mischief]
 26165 | Lair:6   | Lost mutation: You have a pair of small horns on your head.
                  | [Xom's mischief]
 26425 | Lair:6   | XOM: give mutations
 26425 | Lair:6   | Lost mutation: You are partially covered in large bone
                  | plates. (SH +4) [Xom's mischief]
 26425 | Lair:6   | Gained mutation: You are clumsy. (Dex -2) [Xom's mischief]
 26477 | Lair:6   | XOM: divine lightning
 26496 | Lair:6   | XOM: give mutations
 26496 | Lair:6   | Gained mutation: You are weak. (Str -2) [Xom's mischief]
 26496 | Lair:6   | Gained mutation: Scrolls take you a little longer to read.
                  | [Xom's mischief]
 26848 | Swamp:1  | Entered Level 1 of the Swamp
 26848 | Swamp:1  | Noticed Jorgrun
 26858 | Swamp:1  | Killed Jorgrun
 26865 | Swamp:1  | Noticed an emperor scorpion
 26865 | Swamp:1  | a four-headed hydra changed into an emperor scorpion
 26865 | Swamp:1  | XOM: polymorph four-headed hydra -> emperor scorpion
 26879 | Swamp:1  | Killed an emperor scorpion
 26879 | Swamp:1  | Reached XP level 16. HP: 79/141 MP: 26/26
 27438 | Swamp:1  | XOM: enchant monster (bad)
 27497 | Swamp:1  | XOM: give mutations
 27497 | Swamp:1  | Lost mutation: You are weak. (Str -2) [Xom's mischief]
 27497 | Swamp:1  | Lost mutation: You have sharp toenails. [Xom's mischief]
 27497 | Swamp:1  | Lost mutation: You passively map a small area around you.
                  | [Xom's mischief]
 27578 | Swamp:1  | XOM: noise
 27580 | Swamp:1  | Noticed Louise
 27583 | Swamp:1  | XOM: confusion (+ monsters)
 27588 | Swamp:1  | XOM: swap monsters
 27591 | Swamp:1  | XOM: summons 15 friendly demons
 27597 | Swamp:1  | Killed Louise
 27865 | Swamp:1  | XOM: polymorph swamp worm -> anaconda
 28224 | Swamp:1  | XOM: smoke on damage
 28227 | Swamp:1  | XOM: enchant monster (bad)
 28632 | Swamp:1  | XOM: give mutation
 28632 | Swamp:1  | Lost mutation: You have an increased reservoir of magic.
                  | (+10% MP) [Xom's mischief]
 28938 | Swamp:1  | XOM: draining
 28984 | Swamp:1  | XOM: silly message
 29528 | Swamp:2  | XOM: divination: magic mapping
 30060 | Swamp:2  | XOM: give mutation
 30060 | Swamp:2  | Gained mutation: Scrolls take you longer to read. [Xom's
                  | mischief]
 30086 | Swamp:2  | XOM: summons 3 hostile shadow creatures
 30238 | Swamp:2  | XOM: enchant monster (bad)
 30239 | Swamp:2  | XOM: chaos cloud
 30521 | Swamp:2  | XOM: noise
 30527 | Swamp:2  | Reached skill level 18 in Axes
 30532 | Swamp:2  | XOM: draining
 30802 | Swamp:2  | XOM: noise
 30805 | Swamp:2  | XOM: enchant monster (bad)
 30867 | Swamp:2  | You are sucked into a shaft and drop 1 floor!
 30867 | Swamp:3  | XOM is BORED!
 30867 | Swamp:3  | XOM: 1-stop teleportation journey
 30963 | Swamp:3  | XOM: god gift: 10 stones
 31025 | Swamp:3  | XOM: enchant monster (good)
 31229 | Swamp:3  | XOM: silly message
 31461 | Swamp:3  | XOM: enchant monster (bad)
 31469 | Swamp:3  | Reached skill level 10 in Armour
 31658 | Swamp:3  | XOM: summons 4 friendly demons
 31661 | Swamp:3  | Noticed Bai Suzhen
 31662 | Swamp:3  | Noticed Bai Suzhen
 31662 | Swamp:3  | Bai Suzhen changed into Bai Suzhen the juggernaut
 31662 | Swamp:3  | XOM: polymorph Bai Suzhen -> Bai Suzhen the juggernaut
 31686 | Swamp:3  | XOM: cleaving
 31698 | Swamp:4  | Entered Level 4 of the Swamp
 31703 | Swamp:4  | XOM: destruction
 31718 | Swamp:4  | XOM: god gift: 28 arrows
 31759 | Swamp:4  | XOM: give mutations
 31759 | Swamp:4  | Gained mutation: Your muscles are strong. (Str +2) [Xom's
                  | grace]
 31759 | Swamp:4  | Gained mutation: You have a pair of small horns on your
                  | head. [Xom's grace]
 31759 | Swamp:4  | Gained mutation: You possess an exceptional clarity of
                  | mind. [Xom's grace]
 31759 | Swamp:4  | Gained mutation: You are resistant to hostile enchantments.
                  | (MR+) [Xom's grace]
 31802 | Swamp:3  | Found an ornate altar of the Wu Jian Council.
 31802 | Swamp:3  | Noticed Donald
 31811 | Swamp:3  | Killed Donald
 31825 | Swamp:3  | XOM: god gift: ration
 31880 | Swamp:3  | XOM: divination: detect items
 32200 | Swamp:3  | XOM: summons friendly crimson imp
 32360 | Swamp:2  | XOM: 5-stop teleportation journey
 32363 | Swamp:2  | XOM: scenery: create altars
 32541 | Swamp:2  | XOM: divination: detect items
 32608 | Swamp:2  | XOM: god gift: potion of might
 32832 | Swamp:2  | XOM: give mutations
 32832 | Swamp:2  | Gained mutation: You have large cloven feet. [Xom's grace]
 32832 | Swamp:2  | Gained mutation: Your muscles are very strong. (Str +4)
                  | [Xom's grace]
 32832 | Swamp:2  | Gained mutation: You have hoof-like feet. [Xom's grace]
 32832 | Swamp:2  | Gained mutation: You are partially covered in yellow
                  | scales. (AC +2) [Xom's grace]
 32925 | Swamp:2  | Acquired the +7 war axe "Qesinir" {vorpal, *Slow rC+ rN+
                  | SInv}
 32937 | Swamp:2  | XOM: god gift: scroll of teleportation
 33006 | Swamp:3  | Killed Bai Suzhen the juggernaut
 33006 | Swamp:3  | Reached XP level 17. HP: 151/151 MP: 26/26
 33253 | Swamp:3  | XOM: fog
 33253 | Swamp:3  | HP: 7/151 [15-headed hydra (6)]
 33253 | Swamp:3  | Slain by a 15-headed hydra

Illustrated notes

Levels and vault maps discovered:
D:1:      dpeg_arrival_line_fractal, layout_loops_ring, corexii_hall_statues_l
D:2:      layout_loops_ring, uniq_terence
D:3:      layout_basic
D:4:      layout_basic, first_ration, serial_shops, shop, serial_undead,
          serial_undead_d, serial_undead_a, serial_undead_c, serial_undead_a,
          uniq_natasha
D:5:      layout_basic, serial_glass, glass_columns_b, glass_columns_b,
          minmay_misc_feat_diagonals, hangedman_abyss_or_decor_jellyfish_corner,
          minmay_misc_feat_cross, uniq_grinder
D:6:      layout_loops_corners, minmay_temple_entry_butterflies
D:7:      layout_rooms
D:8:      layout_loops_ring
D:9:      wad_woods_stonehenge, layout_irregular_city, hangedman_ru_absence
D:10:     layout_stronghold
D:11:     layout_grid_maze, due_lair_maze_entry_diamond
D:12:     layout_irregular_city, enter_bailey_8
D:13:     layout_long_grid, david_vaults_3
D:14:     layout_irregular_city, moated_statue, hangedman_ranch
          [blue_anna_fruit_fields]
D:15:     grunt_enter_depths_magical_seal, layout_rooms, serial_shops,
          nicolae_shop_statue_plus, serial_park_square2
Temple:   grunt_wide_crystal_templ
Lair:1:   layout_hall_layers, grunt_megastairs_4
Lair:2:   layout_roguey, lemuel_fruit_tree
Lair:3:   gammafunk_mikee_crab_dinner, layout_small_grid,
          skrybe_swamp_entry_bodies, dummy_snake_entry, beast_lair_carwin_9,
          serial_bayou_shore_b
Lair:4:   layout_small_grid, nicolae_volcano_entry_lava_flow,
          grunt_megastairs_2, uniq_nergalle
Lair:5:   layout_hall_layers, slime_altar_1, portal_ice_cave_rime,
          cheibrodos_lair_lostbears, uniq_urug, uniq_sonja
Lair:6:   grunt_lair_end_beastmaster, layout_gridlike,
          infiniplex_staircase_pool_2, lemuel_fruit_fields
Swamp:1:  layout_basic_swamp, hangedman_swamp_ruin_wall, st_swamp_ruins_4,
          uniq_louise, uniq_jorgrun
Swamp:2:  layout_basic_swamp, hangedman_swamp_cone
Swamp:3:  layout_basic_swamp, basic_altar, swamp_pool1, uniq_donald,
          uniq_bai_suzhen
Swamp:4:  swamp_fiery, layout_basic_swamp

Skill      XL: |  1  2  3  4  5  6  7  8  9 10 11 12 13 14 15 16 |
---------------+-------------------------------------------------+-----
Axes           | 3 4 5 6 7 9 10 12 13 15 16 17 18 | 18.3
Fighting       | 4 5 6 7 9 10 11 12 13 | 13.7
Dodging        | 1 2 4 5 7 8 9 10 11 | 11.3
Shields        | 4 5 6 8 9 10 11 12 13 14 | 14.3
Armour         | 4 5 6 7 8 9 10 | 10.1
Evocations     | 1 2 3 5 7 9 10 11 12 | 12.4

Action                   |  1- 3 |  4- 6 |  7- 9 | 10-12 | 13-15 | 16-18 || total
-------------------------+-------+-------+-------+-------+-------+-------++-------
Melee: War axe           |   107 |   186 |   286 |   651 |  1029 |    37 ||  2296
       Headbutt          |       |       |       |       |   150 |    42 ||   192
       Broad axe         |       |       |       |       |   224 |   327 ||   551
 Abil: Stop Flying       |       |       |       |       |     1 |       ||     1
       Evoke Flight      |       |       |       |       |     1 |       ||     1
Evoke: Wand              |       |       |    27 |    17 |    47 |    54 ||   145
       Tin of tremorston |       |       |       |     3 |     9 |       ||    12
       Box of beasts     |       |       |       |       |     7 |     4 ||    11
  Use: Potion            |     1 |       |       |     1 |     5 |     5 ||    12
       Scroll            |       |     6 |       |    19 |    29 |     8 ||    62
 Stab: Invisible         |       |       |       |     3 |       |       ||     3
       Paralysed         |       |       |       |     1 |     2 |    10 ||    13
       Distracted        |       |       |       |     1 |     3 |     1 ||     5
       Confused          |       |       |       |       |     5 |       ||     5
       Petrified         |       |       |       |       |     5 |       ||     5
       Petrifying        |       |       |       |       |     1 |       ||     1
  Eat: Chunk             |       |     9 |    12 |    12 |    21 |     6 ||    60
       Ration            |       |       |       |     3 |     6 |     5 ||    14
Armor: Scale mail        |    60 |    10 |       |    25 |   246 |   183 ||   524
       Chain mail        |       |    27 |       |       |       |       ||    27
       Ring mail         |       |    41 |   115 |   216 |       |       ||   372
Dodge: Dodged            |    40 |    51 |   110 |   367 |   371 |   267 ||  1206
Block: Kite shield       |    74 |    96 |   163 |   686 |   890 |   486 ||  2395
       Reflection        |       |       |       |       |       |     7 ||     7
